 Dungeon Crawl Stone Soup version 0.30-a0-948-g4fa250aae5 (webtiles) character file.

Game seed: 10469235813871936699

1365 DeathPants the Chopper (level 8, -6/43 HPs)
             Began as a Vine Stalker Monk on Mar 26, 2023.
             Was an Initiate of Gozag.
             Killed from afar by a steam dragon (11 damage)
             ... with a ball of steam
             ... on level 6 of the Dungeon.
             The game lasted 00:19:47 (5212 turns).

DeathPants the Chopper (Vine Stalker Monk)          Turns: 5212, Time: 00:19:48

Health: -6/43      AC:  9    Str: 25    XL:     8   Next: 65%
Magic:  0/14       EV: 18    Int: 10    God:    Gozag
Gold:   362        SH:  0    Dex: 14    Spells: 7/14 levels left

rFire   . . .      SeeInvis .    a - +3 hand axe (elec)
rCold   . . .      Faith    .    (no shield)
rNeg    . . .      Spirit   +    t - +2 robe {Archmagi}
rPois   +          Reflect  .    A - +0 helmet
rElec   .          Rampage  .    u - +0 cloak
rCorr   .          Archmagi +    i - +2 pair of gloves
Will    +....                    (no boots)
Stlth   +                        (no amulet)
HPRegen 1.07/turn                w - ring "Xore" {Wiz Contam rPois Str+8 Dex-2}
MPRegen 0.14/turn                q - +5 ring of evasion

@: confused, gold aura
A: fangs 3, regeneration 1, magic shield, antimagic bite, no potion heal 2
a: Renounce Religion, Potion Petition, Call Merchant, Bribe Branch


You were on level 6 of the Dungeon.
You worshipped Gozag.
Gozag was aware of your devotion.
You visited 2 branches of the dungeon, and saw 8 of its levels.
You also visited: Sewer.

You collected 644 gold pieces.
You spent 282 gold pieces at shops.

Inventory:

Hand Weapons
 a - a +3 hand axe of electrocution (weapon)
 h - a +0 war axe
Missiles
 c - 2 throwing nets
 d - 3 datura-tipped darts
 m - 22 poisoned darts
 p - 6 boomerangs
Armour
 f - a +2 buckler
 i - a +2 pair of gloves (worn)
 t - a +2 robe of the Archmagi (worn)
 u - a +0 cloak (worn)
 A - a +0 helmet (worn)
Jewellery
 n - a ring of protection from cold
 q - a +5 ring of evasion (right hand)
 w - the ring "Xore" (left hand) {Wiz Contam rPois Str+8 Dex-2}
   (You bought it in a shop on level 3 of the Dungeon)

   [ring of wizardry]

   It improves your spell success rate.
   Str:       It affects your strength (+8).
   Dex:       It affects your dexterity (-2).
   rPois:     It protects you from poison.
   Contam:    It causes magical contamination when unequipped.
Wands
 o - a wand of flame (14) (quivered)
Scrolls
 j - a scroll of fog
 x - a scroll of teleportation
 B - a scroll of summoning
Potions
 b - a potion of haste
 e - 2 potions of brilliance
 k - a potion of curing
 l - 2 potions of lignification
 r - 3 potions of mutation
 s - 2 potions of invisibility
 v - a potion of might
 z - a potion of attraction


   Skills:
 + Level 5.0 Fighting
 * Level 6.5 Axes
 - Level 3.0 Dodging
 - Level 3.7 Stealth
 + Level 3.7 Spellcasting
 + Level 3.7 Hexes


You had 7 spell levels left.
You knew the following spells:

 Your Spells              Type           Power      Damage    Failure   Level
a - Tukima's Dance        Hex            14%        N/A       7%          3
b - Cause Fear            Hex            7%         N/A       22%         4

Your spell library contained the following spells:

 Spells                   Type           Power      Damage    Failure   Level
 Lesser Beckoning         Tloc           4%         N/A       16%         2
 Dazzling Flash           Conj/Hex       16%        N/A       16%         3
 Inner Flame              Hex/Fire       8%         N/A       16%         3
 Portal Projectile        Hex/Tloc       16%        N/A       16%         3
 Gell's Gravitas          Tloc           2%         N/A       30%         3
 Teleport Other           Tloc           2%         N/A       30%         3
 Silence                  Hex/Air        4%         N/A       77%         5
 Agony                    Necr           2%         N/A       94%         5
 Blade Hands              Tmut           1%         N/A       94%         5
 Discord                  Hex            7%         N/A       100%        8


Dungeon Overview and Level Annotations

Branches:
Dungeon (7/15)             Temple (1/1) D:5           Sewer (visited)

Altars:
Elyvilon
Gozag
Kikubaaqudgha
Makhleb
Nemelex Xobeh
Okawaru
Qazlal
Trog
Vehumet
Wu Jian
Xom
Yredelemnul
Zin

Shops:
D:1 *[   D:3 *

Annotations:
D:5 exclusion: statue


Innate Abilities, Weirdness & Mutations

You have razor-sharp teeth.
Your natural rate of healing is unusually fast.
When hurt, damage is shared between your health and your magic reserves.
Your bite disrupts and absorbs the magic of your enemies.
Potions cannot restore your health.


Message History

You bump into the rock wall.
You are engulfed in a cloud of scalding steam.
You choke on the stench!
You are more confused.
The steam dragon breathes steam at you. The ball of steam hits you!
* * * LOW HITPOINT WARNING * * *
You hit the steam dragon but do no damage.
You bite the steam dragon. You drain its power.
You feel invigorated.
The steam dragon is lightly wounded.
You are engulfed in a cloud of scalding steam.
You choke on the stench!
You are more confused.
* * * LOW HITPOINT WARNING * * *
The steam dragon breathes steam at you. The ball of steam hits you!
* * * LOW HITPOINT WARNING * * *
You bump into the rock wall.
You are engulfed in a cloud of scalding steam.
You choke on the stench!
You are more confused.
The steam dragon completely misses you.
The steam dragon claws you but does no damage.
You bump into the rock wall.
The steam dragon bites you.
* * * LOW HITPOINT WARNING * * *
The steam dragon claws you but does no damage.
You slash the steam dragon! Your bite misses the steam dragon.
The steam dragon is heavily wounded.
The steam dragon closely misses you. The steam dragon completely misses you.
You bump into the rock wall.
The steam dragon bites you but does no damage.
The steam dragon barely misses you.
You hit the steam dragon but do no damage.
Lightning courses through the steam dragon!
Your bite misses the steam dragon.
The steam dragon is severely wounded.
The steam dragon breathes steam at you. The ball of steam hits you!
You die...
Your body crumbles into a pile of gold.

#..........###.........#
#......................#
#.....)....###.........#
#.........)##..........#
#..........##..........#
#.######.####.##########
#.# #.# #. #.# #.# # #.#
#@# #.# #D......# #.#
#.......# #.# #........
... ##......# ......#
......# ......#


You could see a steam dragon (catching breath).

Vanquished Creatures
  Sigmund (D:4)
  Eustachio (D:6)
  2 black bears
  An ice beast (D:6)
  A phantom (D:5)
  Blork the orc (D:4)
  A hound (D:6)
  3 orc priests
  5 jellies
  Natasha (thrice) (D:2)
  3 iguanas
  7 gnolls
  4 adders
  A river rat (Sewer)
  A worm (Sewer)
  A dart slug (D:3)
  13 orcs
  2 bats (D:1)
  9 endoplasms
  7 giant cockroaches
  4 hobgoblins
  9 jackals
  4 quokkas
  10 ball pythons
  A frilled lizard (D:3)
  8 goblins
  7 kobolds
  12 rats
  A spectral orc (D:4)
123 creatures vanquished.

Vanquished Creatures (others)
  A plant (D:2)
1 creature vanquished.

Grand Total: 124 creatures vanquished

Notes
Turn   | Place    | Note
-------+----------+-------------------------------------------
     0 | D:1      | DeathPants the Vine Stalker Monk began the quest for the
                  | Orb.
     0 | D:1      | Reached XP level 1. HP: 11/11 MP: 2/2
    33 | D:1      | Found Mosoite's Antique Armour Boutique.
   162 | D:1      | Reached XP level 2. HP: 9/16 MP: 1/3
   413 | D:1      | Reached skill level 3 in Axes
   574 | D:1      | Found Dyel's General Store.
   620 | D:1      | Found a faded altar of an unknown god.
  1038 | D:2      | Noticed Natasha
  1046 | D:2      | Killed Natasha
  1047 | D:2      | Reached XP level 3. HP: 20/20 MP: 4/4
  1122 | D:2      | Noticed Natasha
  1150 | D:2      | Killed Natasha
  1151 | D:2      | Gained mutation: Your natural rate of healing is unusually
                  | fast. [Vine Stalker growth]
  1151 | D:2      | Reached XP level 4. HP: 12/24 MP: 5/5
  1406 | D:2      | Noticed Natasha
  1432 | D:2      | Killed Natasha
  1505 | D:2      | Reached XP level 5. HP: 28/28 MP: 6/6
  1856 | D:3      | Found a sparkling altar of Nemelex Xobeh.
  1933 | D:1      | Bought an embroidered robe for 74 gold pieces
  2022 | D:3      | Found Nizuwk's Assorted Antiques.
  2037 | D:3      | Found a stormy altar of Qazlal.
  2053 | D:3      | Learned a level 3 spell: Tukima's Dance
  2208 | D:4      | Reached skill level 4 in Axes
  2444 | D:3      | Reached skill level 1 in Spellcasting
  2444 | D:3      | Reached skill level 1 in Hexes
  2444 | D:3      | Reached XP level 6. HP: 24/32 MP: 8/8
  2472 | D:4      | Noticed a black bear
  2572 | D:3      | Found a glowing silver altar of Zin.
  2741 | D:4      | Killed a black bear
  2795 | D:5      | Entered Level 5 of the Dungeon
  2971 | D:5      | Found a staircase to the Ecumenical Temple.
  2980 | D:5      | Reached XP level 7. HP: 37/37 MP: 8/10
  2985 | Temple   | Entered the Ecumenical Temple
  3024 | Temple   | Became a worshipper of Gozag Ym Sagoz the Greedy
  3121 | D:5      | Reached skill level 5 in Axes
  3180 | D:5      | Found a glowing drain.
  3184 | Sewer    | Entered a sewer
  3313 | Sewer    | Found a viscous altar of Jiyva.
  3709 | D:4      | Noticed Sigmund
  3719 | D:4      | Killed Sigmund
  3783 | D:4      | Learned a level 4 spell: Cause Fear
  3787 | D:4      | Noticed Blork the orc
  3797 | D:4      | Killed Blork the orc
  3798 | D:4      | Gained mutation: You have razor-sharp teeth. [Vine Stalker
                  | growth]
  3798 | D:4      | Reached XP level 8. HP: 42/42 MP: 13/13
  3988 | D:3      | Bought a coiled tin ring for 130 gold pieces
  3988 | D:3      | Identified the ring "Xore" {Wiz Contam rPois Str+8 Dex-2}
                  | (You bought it in a shop on level 3 of the Dungeon)
  3988 | D:3      | Bought a scroll of identify for 52 gold pieces
  3988 | D:3      | Bought a scroll labelled GEYTUEN LOYNACKOY for 26 gold
                  | pieces
  4058 | D:5      | Found a bloodstained altar of Trog.
  4186 | D:4      | Found a basalt altar of Yredelemnul.
  4597 | D:5      | Found a radiant altar of Vehumet.
  4835 | D:5      | Found an iron altar of Okawaru.
  5033 | D:6      | Noticed Eustachio
  5044 | D:6      | Reached skill level 6 in Axes
  5053 | D:6      | Killed Eustachio
  5204 | D:6      | Reached skill level 5 in Fighting
  5207 | D:6      | HP: 2/43 [steam dragon/ball of steam (4)]
  5212 | D:6      | Killed from afar by a steam dragon

Illustrated notes

Levels and vault maps discovered:
D:1:      spicycebolla_arrival_xxxplode, layout_loops_cross,
          shapermc_ecumenical_altar_venn, serial_shops, nicolae_diamond_shop,
          nicolae_shop_crystal
D:2:      layout_loops_corners, serial_bayou_lake_a, uniq_natasha
D:3:      layout_basic, marbit_many_paths, nicolae_overflow_crystal_walls,
          mainiacjoe_overflow_six_doors_small, serial_shops, shop_fountains,
          st_stairs_13
D:4:      layout_loops_cross, yredelemnul_forgotten_temple_becter,
          chequers_serial_rivers_micro_e, uniq_sigmund, uniq_blork_the_orc
D:5:      layout_layer_cave, vehumet_statue, kennysheep_mini,
          nicolae_overflow_hidden_temple, temple_fountains,
          gup_sewer_entry_spiral
D:6:      layout_basic, uniq_eustachio
D:7:      layout_basic, eat_drink_and_be_merry_uskayaw, fedhas_altar_1,
          grunt_dithmenos_shadows, tso_metal_star
Temple:   nicolae_temple_bog_church

Skill      XL: |  1  2  3  4  5  6  7  8 |
---------------+-------------------------+-----
Axes           | 3 4 5 6 |  6.5
Fighting       | 3 4 5 |  5.0
Stealth        | 3 |  3.7
Dodging        | 3 |  3.0
Spellcasting   | 1 2 3 |  3.7
Hexes          | 1 2 3 |  3.7

Action                     |  1- 3 |  4- 6 |  7- 9 || total
---------------------------+-------+-------+-------++-------
  Melee: Hand axe          |    57 |   129 |   163 ||   349
         Bite              |     9 |    32 |    45 ||    86
         Punch             |       |     1 |     1 ||     2
  Evoke: Wand              |       |     4 |       ||     4
    Use: Scroll            |       |    13 |     8 ||    21
   Stab: Sleeping          |     3 |     2 |    11 ||    16
 Armour: Robe              |    13 |    24 |    26 ||    63
  Dodge: Dodged            |    51 |    98 |   120 ||   269

Table legend: (Time is in decaauts)
 A = Elapsed time spent in this place.
 B = Non-inter-level travel time spent in this place.
 C = Inter-level travel time spent in this place.
 D = Time resting spent in this place.
 E = Time spent auto-exploring this place.
 F = Levels seen in this place.
 G = Mean time per level.
                   A        B        C        D        E       F      G
               +--------+--------+--------+--------+--------+-----+--------+
         Total |   5363 |   5001 |    362 |      7 |   3332 |   9 |  595.9 |
       Dungeon |   4935 |   4585 |    350 |      7 |   3111 |   7 |  705.0 |
        Temple |     55 |     43 |     12 |      0 |     28 |   1 |   55.0 |
         Sewer |    373 |    373 |      0 |      0 |    192 |   1 |  373.0 |
               +--------+--------+--------+--------+--------+-----+--------+

Top non-repeatable levels by time:
     D:5: 1203 daAuts
     D:2: 1077 daAuts
     D:1: 852 daAuts
     D:4: 834 daAuts
     D:3: 789 daAuts
   Sewer: 373 daAuts
     D:6: 176 daAuts
  Temple: 55 daAuts
     D:7: 1 daAuts
